 Dungeon Crawl Stone Soup version 0.26.1-11-gd32895ea62 (webtiles) character file.

Game seed: 2388162397656310645

698 DildoBatman the Conjurer (level 7, 0/50 HPs)
             Began as a Formicid Conjurer on June 24, 2021.
             Shot with an arrow by a centaur (10 damage)
             ... on level 6 of the Dungeon.
             The game lasted 00:16:47 (4543 turns).

DildoBatman the Conjurer (Formicid Conjurer)        Turns: 4543, Time: 00:16:48

Health: 0/50       AC:  5    Str: 11    XL:     7   Next: 97%
Magic:  10/15      EV: 12    Int: 20    God:
Gold:   205        SH:  0    Dex:  9    Spells: 14/17 levels left

rFire    . . .     SeeInvis +   a - +0 hunting sling
rCold    . . .     Faith    .   (no shield)
rNeg     . . .     Spirit   .   f - +0 robe
rPois    .         Reflect  .   (helmet unavailable)
rElec    .         Harm     .   r - +0 cloak
rCorr    .         Rampage  .   (no gloves)
Will     .....                  u - +1 pair of boots
Stlth    ++........             (no amulet)
HPRegen  0.16/turn              (no ring)
MPRegen  0.14/turn              (no ring)

@: no status effects
A: permanent stasis, dig shafts and tunnels, four strong arms, antennae 3
a: Dig, Shaft Self


You were on level 6 of the Dungeon.
You visited 1 branch of the dungeon, and saw 6 of its levels.

You collected 205 gold pieces.

Inventory:

Hand Weapons
 a - a +0 hunting sling (weapon)
 b - a +1 dagger of venom
 c - a +1 dagger of protection
Missiles
 p - 133 stones (quivered ammo)
 q - 16 boomerangs
 s - 35 sling bullets
 w - 24 bolts
 B - 17 arrows
Armour
 f - a +0 robe (worn)
 r - a +0 cloak (worn)
 u - a +1 pair of boots (worn)
Jewellery
 v - the amulet of Isowo {Inacc rElec rF+ Dex+2 Stlth+}
   (You found it on level 4 of the Dungeon)

   [amulet of inaccuracy]

   It reduces the accuracy of all your attacks.
   It affects your dexterity (+2).
   It protects you from fire.
   It insulates you from electricity.
   It makes you more stealthy.
Wands
 j - a wand of flame (19)
 m - a wand of random effects (29)
 y - a wand of acid (9)
Scrolls
 d - a scroll of enchant armour {unknown}
 g - a scroll of immolation {unknown}
 h - a scroll of fog {unknown}
 l - a scroll of fear {unknown}
 o - a scroll of magic mapping {unknown}
 x - 6 scrolls of remove curse
 z - 7 scrolls of identify
Potions
 e - 2 potions of magic {unknown}
 i - a potion of curing {unknown}
 k - a potion of brilliance {unknown}
 n - a potion of heal wounds
 t - a potion of berserk rage {unknown}
 A - a potion of attraction {unknown}


   Skills:
 - Level 2.0 Fighting
 - Level 2.0 Armour
 - Level 1.7 Dodging
 - Level 2.4 Stealth
 * Level 5.9 Spellcasting
 - Level 6.0 Conjurations


You had 14 spell levels left.
You knew the following spells:

 Your Spells              Type           Power        Failure   Level
a - Searing Ray           Conj           58%          1%          2
c - Magic Dart            Conj           100%         1%          1

Your spell library contained the following spells:

 Spells                   Type           Power        Failure   Level
 Dazzling Flash           Conj/Hex       34%          10%         3
 Fulminant Prism          Conj/Hex       8%           30%         4
 Iskenderun's Mystic Bla  Conj/Tloc      17%          30%         4


Dungeon Overview and Level Annotations

Branches:
Dungeon (6/15)
 Temple: D:4-7

Altars:
Fedhas
Sif Muna
Uskayaw
Vehumet

Annotations:
D:2 exclusion: phantom
D:3 4 runed translucent doors, 1 exclusion, Crazy Yiuf; Ijyb; Jerry's ghost, amateur PaHu; Jessica; Pikel
D:4 Grinder


Innate Abilities, Weirdness & Mutations

You cannot be hasted, slowed, berserked, paralysed or teleported.
You can dig through walls and to a lower floor.
Your four strong arms can wield two-handed weapons with a shield.
You have a pair of large antennae on your head. (SInv)


Message History

The arrow hits you!
The searing ray hits the centaur.
The centaur is heavily wounded.
The centaur zaps a wand.
The mass of ice explodes!
The iceblast engulfs you!
You hear a shout! x3
The searing ray misses the centaur.
The centaur zaps a wand.
The mass of ice explodes!
The iceblast engulfs you!
The centaur zaps a wand.
The mass of ice explodes!
The iceblast engulfs you!
The searing ray hits the centaur!
The centaur is almost dead.
You finish channeling your searing ray.
The centaur shoots an arrow.
The arrow hits you!
You die...

{#.##...###..#..##....
#.....?.....#..#.....
#.#.P.P.##.....#.....
# #.._............._.
#.P.P.##...#.#.....
#.....c......#..... #
###..#.......##....
#.###.#........####.#
#...@###.............
#####.#.........#..##
##.#..........##
#.#....<..####
#.####.#### #.# #.#
..# #.# ### #.# #.


You could see a centaur.

Vanquished Creatures
  A sky beast (D:2)
  2 ogres
  3 lemures (D:4)
  A scorpion (D:4)
  A howler monkey (D:4)
  A hound (D:4)
  2 orc wizards (D:4)
  2 iguanas
  A worker ant (D:5)
  5 adders
  An ufetubus (D:5)
  An ooze (D:1)
  2 adder skeletons
  An adder zombie (D:5)
  3 worms
  3 dart slugs
  4 leopard geckos
  11 orcs
  8 bats
  3 giant cockroaches
  9 goblins
  6 hobgoblins
  15 jackals
  2 quokkas (D:3)
  A ball python (D:3)
  8 frilled lizards
  A jackal skeleton (D:5)
  4 kobolds
  8 rats
110 creatures vanquished.

Notes
Turn   | Place    | Note
-------+----------+-------------------------------------------
     0 | D:1      | DildoBatman the Formicid Conjurer began the quest for the
                  | Orb.
     0 | D:1      | Reached XP level 1. HP: 13/13 MP: 3/3
   215 | D:1      | Reached skill level 4 in Conjurations
   215 | D:1      | Reached XP level 2. HP: 19/19 MP: 0/5
   307 | D:1      | Learned a level 2 spell: Searing Ray
   576 | D:1      | Reached XP level 3. HP: 19/24 MP: 6/6
  1329 | D:2      | Noticed a sky beast
  1346 | D:2      | Reached XP level 4. HP: 6/30 MP: 1/7
  1577 | D:2      | Reached skill level 5 in Conjurations
  1644 | D:2      | Found a hide-covered altar of Uskayaw.
  1919 | D:2      | Killed a sky beast
  1920 | D:2      | Reached XP level 5. HP: 35/35 MP: 2/9
  2006 | D:3      | Noticed an ogre
  2011 | D:3      | Killed an ogre
  2012 | D:3      | Reached XP level 6. HP: 41/41 MP: 3/11
  2064 | D:3      | Noticed Ijyb
  2133 | D:3      | Noticed Jerry's ghost (amateur PaHu)
  2137 | D:3      | Noticed Jessica
  2407 | D:3      | Found a runed translucent gate.
  2407 | D:3      | Found a runed translucent gate.
  2407 | D:3      | Found a runed translucent gate.
  2442 | D:3      | Found a runed translucent door.
  2443 | D:3      | Noticed Crazy Yiuf
  2565 | D:4      | Found a radiant altar of Vehumet.
  2566 | D:4      | Noticed Grinder
  2602 | D:4      | Reached skill level 6 in Conjurations
  2603 | D:4      | Noticed a phantom
  2719 | D:4      | Reached XP level 7. HP: 42/46 MP: 9/13
  2955 | D:4      | Reached skill level 5 in Spellcasting
  2963 | D:4      | Noticed Pikel
  3131 | D:4      | Reached skill level 1 in Fighting
  3131 | D:4      | Reached skill level 1 in Armour
  3302 | D:4      | Got a slimy bone amulet
  3308 | D:4      | Identified the amulet of Isowo {Inacc rElec rF+ Dex+2
                  | Stlth+} (You found it on level 4 of the Dungeon)
  3914 | D:5      | Entered Level 5 of the Dungeon
  4446 | D:6      | Found a shimmering blue altar of Sif Muna.
  4492 | D:6      | Found a blossoming altar of Fedhas.
  4543 | D:6      | Shot with an arrow by a centaur

Illustrated notes

Levels and vault maps discovered:
D:1:      ncdulo_lavacross, layout_basic
D:2:      layout_loops_ring, overflow_temple_1_default,
          minmay_tree_intersection, dk_noncrumbling_4, minmay_surrounded
D:3:      layout_rooms, gammafunk_ghost_split,
          chequers_ecumenical_altar_simple_redux, uniq_ijyb,
          uniq_crazy_yiuf_cottage, uniq_jessica
D:4:      layout_loops_ring, vehumet_altar_wand_db, uniq_pikel, uniq_grinder
D:5:      minmay_general_purpose_star, layout_basic
D:6:      layout_loops_ring, old_standard_altar, grunt_temple_overflow_open,
          minmay_temple_entry_grid, fedhas_altar_1

Skill      XL: |  1  2  3  4  5  6  7 |
---------------+----------------------+-----
Conjurations   | 4 5 6 |  6.0
Spellcasting   | 3 4 5 |  5.9
Fighting       | 2 |  2.0
Armour         | 2 |  2.0
Dodging        | |  1.7
Stealth        | |  2.4

Action                   |  1- 3 |  4- 6 |  7- 9 || total
-------------------------+-------+-------+-------++-------
Melee: Unarmed           |     3 |       |       ||     3
       Dagger            |    30 |     8 |       ||    38
 Fire: Hunting sling     |       |    27 |    66 ||    93
Throw: Stone             |     1 |       |       ||     1
 Cast: Magic Dart        |    43 |    18 |    13 ||    74
       Searing Ray       |     2 |     9 |    31 ||    42
 Abil: Dig               |     3 |     5 |     7 ||    15
  Use: Potion            |       |     1 |     1 ||     2
       Scroll            |       |     2 |       ||     2
 Stab: Sleeping          |     2 |       |       ||     2
Armor: Robe              |     9 |     2 |     5 ||    16
Dodge: Dodged            |    22 |    11 |    35 ||    68
